 Dungeon Crawl Stone Soup version 0.26-a0-712-ga5a9c9c9d0 (webtiles) character file.

Game seed: 2606972537650111624

4117 kae the Transmogrifier (level 10, -1/78 HPs)
             Began as a Naga Transmuter on Nov 4, 2020.
             Was a High Priest of Cheibriados.
             Slain by a worker ant (7 damage)
             ... on level 9 of the Dungeon.
             The game lasted 00:08:43 (11329 turns).

kae the Transmogrifier (Naga Transmuter)           Turns: 11329, Time: 00:08:43

Health: -1/78      AC: 10    Str: 27    XL:     10   Next: 26%
Magic:  11/16      EV: 11    Int: 24    God:    Cheibriados [*****.]
Gold:   435        SH:  0    Dex: 29    Spells: 4/17 levels left

rFire    . . .     SeeInvis +     - Unarmed
rCold    . . .     Faith    .   (shield currently unavailable)
rNeg     . . .     Spirit   .   a - +0 robe
rPois    +         Reflect  .   (helmet restricted)
rElec    .         Harm     .   e - +1 cloak
rCorr    .         Rampage  .   (gloves currently unavailable)
MR       +....                  (no barding)
Stlth    ++........             (no amulet)
HPRegen  0.23/turn              l - +4 ring of protection
MPRegen  0.15/turn              A - +6 ring of dexterity

@: blade hands, very slow
A: large, antennae 1, see invisible, deformed body, poison resistance, slowness
2, spit poison 1, AC +3
a: Spit Poison, End Transformation, Bend Time, Temporal Distortion, Slouch, Step
From Time, Renounce Religion


You were on level 9 of the Dungeon.
You worshipped Cheibriados.
Cheibriados was extremely pleased with you.
You had blades for hands.
You visited 2 branches of the dungeon, and saw 10 of its levels.
You also visited: Ossuary.

You collected 489 gold pieces.
You spent 54 gold pieces at shops.

Inventory:

Armour
 a - a +0 robe (worn)
 e - a +1 cloak (worn)
Jewellery
 d - an uncursed ring of positive energy
 l - a +4 ring of protection (left scythe-like blade)
 A - a +6 ring of dexterity (right scythe-like blade)
Wands
 b - a wand of polymorph (8)
 f - a wand of iceblast (17)
 g - a wand of enslavement (12)
Scrolls
 c - 5 scrolls of remove curse
 i - 3 scrolls of enchant weapon
 j - 3 scrolls of teleportation
 k - a scroll of enchant armour
 m - 2 scrolls of immolation
 o - a scroll of identify
 r - a scroll of fog
 t - a scroll of fear
 B - 2 scrolls of magic mapping
Potions
 h - 2 potions of flight
 n - a potion of mutation
 p - 4 potions of curing
 q - 2 potions of lignification
 s - 5 potions of might
 u - a potion of resistance
 v - 2 potions of berserk rage
 w - a potion of brilliance
 z - a potion of cancellation {unknown}
 C - a potion of magic {unknown}


   Skills:
 - Level 1.0 Fighting
 - Level 1.5 Dodging
 + Level 8.2 Unarmed Combat
 - Level 4.0 Spellcasting
 * Level 10.9 Transmutations
 - Level 4.0 Ice Magic
 - Level 3.0 Poison Magic


You had 4 spell levels left.
You knew the following spells:

 Your Spells              Type           Power        Failure   Level
a - Beastly Appendage     Tmut           ######       7%          1
b - Spider Form           Tmut/Pois      #####.....   19%         3
c - Blade Hands           Tmut           ######....   26%         5
d - Ice Form              Ice/Tmut       #####...     32%         4

Your spell library contained the following spells:

 Spells                   Type           Power        Failure   Level
 Wereblood                Tmut           ######..     8%          2
 Ensorcelled Hibernation  Hex/Ice        ##....       36%         2
 Corona                   Hex            #......      45%         1
 Foxfire                  Conj/Fire      #...         45%         1
 Confusing Touch          Hex            #.......     71%         3
 Conjure Flame            Conj/Fire      #.......     71%         3
 Dazzling Flash           Conj/Hex       #.....       71%         3
 Inner Flame              Hex/Fire       #.......     71%         3
 Tukima's Dance           Hex            #.......     71%         3
 Sticky Flame             Conj/Fire      #.......     95%         4
 Fireball                 Conj/Fire      #.........   99%         5


Dungeon Overview and Level Annotations

Branches:
Dungeon (9/15)             Temple (1/1) D:4         Ossuary (visited)
   Lair: D:8-11         Orc: D:9-12

Altars:
Ashenzari
Cheibriados
Dithmenos
Elyvilon
Fedhas
Gozag
Hepliaklqana
Kikubaaqudgha
Makhleb
Nemelex Xobeh
Okawaru
Qazlal
Ru
Sif Muna
Trog
Uskayaw
Vehumet
Wu Jian
Xom
Yredelemnul
Zin
The Shining One

Shops:
D:4 *

Annotations:
D:1 1 runed translucent door
D:5 exclusion: statue


Innate Abilities, Weirdness & Mutations

You cannot wear boots.
Your serpentine skin is tough. (AC +3)
You have supernaturally acute eyesight. (SInv)
Armour fits poorly on your strangely shaped body.
Your system is resistant to poisons. (rPois)
You cover ground very slowly.
You can spit poison.
You have a pair of small antennae on your head.


Message History

* * * LOW HITPOINT WARNING * * *
You closely miss the orc wizard.
Your transformation is almost over.
The orc wizard gestures wildly while chanting.
The orc wizard blinks!
The yak gores you!
* * * LOW HITPOINT WARNING * * *
The yak gores you.
* * * LOW HITPOINT WARNING * * *
Your surroundings suddenly seem different.
Found 9 gold pieces, a scroll of fear and a scroll of magic mapping.
Found 18 gold pieces.
t - a scroll of fear
Found 12 gold pieces.
Your hands revert to their normal proportions.
You see here a scroll of magic mapping.
Casting: Blade Hands (dangerous; 3% risk of failure)
Confirm with . or Enter, or press ? or * to list all spells.
Your hands turn into razor-sharp scythe blades.
The worker ant bites you!
You die...

.. ## #....## ...Y
.. #.##.....# .Y..
# #.#........##.
.... .#.##
............ ....
......##..........
...#
.....#.......$...
.. #.............
. ###B#...##....
#@.#........$
##.#........
...#........
...#....B...
.............
.............
#........$...
......


You could see a worker ant.

Vanquished Creatures
  A wyvern (D:8)
  An acid dragon (D:8)
  2 water moccasins
  Duvessa (D:4)
  A hornet zombie (D:9)
  4 orc warriors
  A sky beast (D:9)
  An ice beast (D:8)
  3 ogres
  A phantom (D:9)
  2 centaurs
  2 bullfrogs
  Dowan (D:4)
  2 water moccasin zombies (Ossuary)
  A scorpion (D:4)
  17 killer bees
  5 howler monkeys
  7 orc wizards
  4 hounds
  3 jellies
  3 orc priests
  A bullfrog skeleton (D:8)
  4 iguanas
  7 worker ants
  A killer bee zombie (D:7)
  2 mummies (Ossuary)
  12 adders
  2 shadow imps
  A white imp (D:6)
  3 oozes
  8 adder zombies
  2 worms
  2 leopard geckos
  28 orcs
  4 giant cockroaches
  5 gnoll zombies (Ossuary)
  7 goblins
  6 hobgoblins
  4 jackals (D:3)
  11 kobolds
  6 quokkas
  2 ball pythons
  3 bats
  3 frilled lizards
  2 hobgoblin zombies (Ossuary)
  6 kobold zombies (Ossuary)
  2 leopard gecko skeletons
  3 orc zombies (Ossuary)
  7 rats
207 creatures vanquished.

Notes
Turn   | Place    | Note
-------+----------+-------------------------------------------
     0 | D:1      | kae the Naga Transmuter began the quest for the Orb.
     0 | D:1      | Reached XP level 1. HP: 18/18 MP: 3/3
     1 | D:1      | Found a runed translucent door.
   466 | D:1      | Reached XP level 2. HP: 19/25 MP: 3/5
   599 | D:1      | You fall into a shaft and drop 1 floor!
   990 | D:2      | Reached skill level 3 in Transmutations
   990 | D:2      | Reached XP level 3. HP: 24/31 MP: 4/6
  1668 | D:2      | Reached XP level 4. HP: 12/38 MP: 5/7
  2140 | D:3      | Learned a level 3 spell: Spider Form
  2456 | D:3      | Found a white marble altar of Elyvilon.
  2814 | D:3      | Reached skill level 4 in Transmutations
  3081 | D:3      | Found a shimmering blue altar of Sif Muna.
  3105 | D:3      | Reached skill level 1 in Poison Magic
  3105 | D:3      | Reached XP level 5. HP: 30/44 MP: 6/8
  3826 | D:4      | Reached XP level 6. HP: 38/51 MP: 4/9
  3928 | D:4      | Noticed Duvessa
  3938 | D:4      | Noticed Dowan
  3954 | D:4      | Killed Duvessa
  3954 | D:4      | Reached skill level 5 in Transmutations
  3964 | D:4      | Killed Dowan
  4199 | D:4      | Reached XP level 7. HP: 43/57 MP: 6/11
  4355 | D:4      | Found a staircase to the Ecumenical Temple.
  4381 | Temple   | Entered the Ecumenical Temple
  4515 | Temple   | Became a worshipper of Cheibriados the Contemplative
  4675 | D:4      | Reached skill level 6 in Transmutations
  4685 | D:4      | Found Ichiy's Assorted Antiques.
  4877 | D:4      | Reached skill level 5 in Unarmed Combat
  4899 | D:4      | Bought a green potion for 27 gold pieces
  4899 | D:4      | Bought a green potion for 27 gold pieces
  5095 | D:5      | Entered Level 5 of the Dungeon
  5274 | D:5      | Found a sand-covered staircase.
  5295 | D:5      | Learned a level 5 spell: Blade Hands
  5299 | Ossuary  | Entered an ossuary
  5337 | Ossuary  | Reached * piety under Cheibriados
  5359 | Ossuary  | Reached XP level 8. HP: 43/64 MP: 8/12
  5675 | Ossuary  | Reached skill level 7 in Transmutations
  6018 | D:5      | Found a radiant altar of Vehumet.
  6028 | D:5      | Reached ** piety under Cheibriados
  6280 | D:5      | Found a shimmering altar of Xom.
  6501 | D:5      | Found an ancient bone altar of Kikubaaqudgha.
  7147 | D:6      | Reached skill level 8 in Transmutations
  7175 | D:6      | Reached *** piety under Cheibriados
  7489 | D:6      | Found a glowing golden altar of the Shining One.
  7994 | D:7      | Gained mutation: You have a pair of small antennae on your
                  | head. [mutagenic glow]
  7995 | D:7      | Reached XP level 9. HP: 8/70 MP: 3/15
  8885 | D:7      | Learned a level 4 spell: Ice Form
  8904 | D:7      | Reached skill level 9 in Transmutations
  9485 | D:8      | Reached skill level 1 in Ice Magic
  9928 | D:8      | Reached **** piety under Cheibriados
 10168 | D:8      | Reached skill level 10 in Transmutations
 10217 | D:8      | Found a hazy altar of Hepliaklqana.
 10738 | D:9      | Reached XP level 10. HP: 78/78 MP: 16/16
 11210 | D:9      | Reached ***** piety under Cheibriados
 11320 | D:9      | HP: 2/78 [yak (6)]
 11329 | D:9      | Slain by a worker ant

Illustrated notes

Levels and vault maps discovered:
D:1:      dpeg_arrival_caged_fury, layout_basic, minmay_misc_feat_secret_circle,
          minmay_misc_feat_tiny
D:2:      layout_rooms
D:3:      layout_basic, elyvilon_altar_1, led_sif_book,
          minmay_misc_feat_four_crosses, minmay_misc_feat_pillars,
          supply_closet_lemuel
D:4:      layout_rooms, minmay_temple_entry_purple_smoke, serial_shops,
          nicolae_shop_waterfront, uniq_duvessa
D:5:      layout_loops_ring, overflow_temple_1_default, vehumet_statue,
          nicolae_ossuary_entry_monument, dk_xom_monty_hall
D:6:      layout_rooms, nicolae_tso_swordbearing_angel
D:7:      layout_loops_ring
D:8:      layout_rooms, kennysheep_mini, glass_columns_a
D:9:      layout_cave_pools
Temple:   nicolae_temple_elliptical

Skill      XL: |  1  2  3  4  5  6  7  8  9 10 |
---------------+-------------------------------+-----
Transmutations | 3 4 5 6 8 10 | 10.9
Poison Magic   | 1 2 3 |  3.0
Unarmed Combat | 4 5 6 7 8 |  8.2
Spellcasting   | 3 4 |  4.0
Ice Magic      | 3 4 |  4.0
Fighting       | |  1.0
Dodging        | |  1.5

Action                   |  1- 3 |  4- 6 |  7- 9 | 10-12 || total
-------------------------+-------+-------+-------+-------++-------
Melee: Unarmed           |    88 |   107 |   381 |    49 ||   625
       Headbutt          |    11 |     9 |       |       ||    20
       Punch             |     2 |       |     6 |     1 ||     9
 Cast: Beastly Appendage |    12 |    20 |       |       ||    32
       Spider Form       |       |     7 |    45 |       ||    52
       Blade Hands       |       |       |     5 |     4 ||     9
       Ice Form          |       |       |     2 |     1 ||     3
 Abil: Spit Poison       |    15 |    27 |    14 |     1 ||    57
  Use: Potion            |     3 |       |     1 |     1 ||     5
       Scroll            |       |     8 |    15 |     1 ||    24
 Stab: Sleeping          |       |       |     1 |       ||     1
Armor: Robe              |     4 |    28 |    44 |     9 ||    85
       Skin              |     1 |     7 |    38 |    45 ||    91
Dodge: Dodged            |    47 |    84 |   383 |    56 ||   570

Table legend: (Time is in decaauts)
 A = Elapsed time spent in this place.
 B = Non-inter-level travel time spent in this place.
 C = Inter-level travel time spent in this place.
 D = Time resting spent in this place.
 E = Time spent auto-exploring this place.
 F = Levels seen in this place.
 G = Mean time per level.
                   A        B        C        D        E       F      G
               +--------+--------+--------+--------+--------+-----+--------+
         Total |  14349 |  13972 |    377 |   2141 |  10114 |  11 | 1304.5 |
       Dungeon |  13369 |  13066 |    303 |   1738 |   9814 |   9 | 1485.4 |
        Temple |    237 |    163 |     74 |      0 |    162 |   1 |  237.0 |
       Ossuary |    742 |    742 |      0 |    403 |    137 |   1 |  742.0 |
               +--------+--------+--------+--------+--------+-----+--------+

Top non-repeatable levels by time:
     D:3: 2005 daAuts
     D:7: 1917 daAuts
     D:6: 1771 daAuts
     D:5: 1636 daAuts
     D:2: 1573 daAuts
     D:8: 1509 daAuts
     D:4: 1456 daAuts
     D:9: 851 daAuts
 Ossuary: 742 daAuts
     D:1: 647 daAuts
  Temple: 237 daAuts
